 Dungeon Crawl Stone Soup version 0.29.1-1-gd02db6906a (webtiles) character file.

Game seed: 14212526063753451190

515 ImASeal the Vexing (level 7, -2/52 HPs)
             Began as a Gnoll Arcane Marksman on Oct 18, 2022.
             Slain by a black bear (9 damage)
             ... on level 5 of the Dungeon.
             The game lasted 00:15:30 (3976 turns).

ImASeal the Vexing (Gnoll Arcane Marksman)          Turns: 3976, Time: 00:15:30

Health: -2/52      AC:  3    Str:  9    XL:     7   Next: 20%
Magic:  11/12      EV: 14    Int: 14    God:
Gold:   192        SH:  0    Dex: 13    Spells: 12/13 levels left

rFire   . . .      SeeInvis .   a - +1 sling
rCold   . . .      Faith    .   (no shield)
rNeg    . . .      Spirit   .   c - +0 robe
rPois   .          Reflect  .   (no helmet)
rElec   .          Harm     .   (no cloak)
rCorr   .          Rampage  .   x - +0 pair of gloves
Will    .....                   (no boots)
Stlth   ++........              m - amulet of regeneration
HPRegen 0.97/turn               (no ring)
MPRegen 0.13/turn               (no ring)

@: no status effects
A: fangs 1, strong nose, distributed training
a: no special abilities


You were on level 5 of the Dungeon.
You visited 1 branch of the dungeon, and saw 5 of its levels.

You collected 192 gold pieces.

Inventory:

Hand Weapons
 a - a +1 sling (weapon)
 j - a +1 short sword of flaming
Missiles
 e - 35 stones
 h - 3 atropa-tipped darts
 s - 3 boomerangs
Armour
 c - a +0 robe (worn)
 x - a +0 pair of gloves (worn)
Jewellery
 m - an amulet of regeneration (around neck)
 t - the amulet "Gastros" {Reflect MP+9 SH+5}
   (You took it off an orc on level 4 of the Dungeon)

   [amulet of reflection]

   It reflects blocked missile attacks.
   MP:        It affects your magic capacity (+9).
   SH:        It affects your SH (+5).
Scrolls
 b - 4 scrolls of identify {unknown}
 d - a scroll of blinking {unknown}
 f - a scroll of enchant armour {unknown}
 k - 2 scrolls of magic mapping {unknown}
 l - a scroll of enchant weapon {unknown}
 n - a scroll of fear {unknown}
 q - 4 scrolls of vulnerability {unknown}
 r - a scroll of teleportation {unknown}
Potions
 g - 3 potions of mutation {unknown}
 i - 2 potions of attraction {unknown}
 o - a potion of haste {unknown}
 p - a potion of lignification {unknown}
 u - a potion of ambrosia {unknown}
 v - a potion of heal wounds {unknown}
 w - 3 potions of curing {unknown}
 z - a potion of might {unknown}
 A - a potion of magic {unknown}


   Skills:
 + Level 3.6 Fighting
 + Level 2.4 Short Blades
 + Level 2.4 Long Blades
 + Level 2.4 Axes
 + Level 2.4 Maces & Flails
 + Level 2.4 Polearms
 + Level 2.4 Staves
 + Level 5.2 Ranged Weapons
 + Level 2.4 Throwing
 + Level 2.4 Armour
 + Level 5.2 Dodging
 + Level 2.4 Stealth
 + Level 2.4 Shields
 + Level 2.4 Unarmed Combat
 + Level 3.7 Spellcasting
 + Level 2.0 Conjurations
 + Level 5.8 Hexes
 + Level 2.0 Summonings
 + Level 2.0 Necromancy
 + Level 2.0 Translocations
 + Level 2.0 Transmutations
 + Level 2.0 Fire Magic
 + Level 2.0 Ice Magic
 + Level 2.0 Air Magic
 + Level 2.0 Earth Magic
 + Level 2.0 Poison Magic
 + Level 2.7 Invocations
 + Level 2.4 Evocations


You had 12 spell levels left.
You knew the following spells:

 Your Spells              Type           Power      Damage    Failure   Level
a - Slow                  Hex            76%        N/A       1%          1

Your spell library contained the following spells:

 Spells                   Type           Power      Damage    Failure   Level
 Tukima's Dance           Hex            19%        N/A       5%          3
 Beastly Appendage        Tmut           16%        N/A       9%          1
 Inner Flame              Hex/Fire       13%        N/A       12%         3
 Portal Projectile        Hex/Tloc       26%        N/A       12%         3
 Wereblood                Tmut           8%         N/A       13%         2
 Cause Fear               Hex            9%         N/A       19%         4
 Spider Form              Tmut/Pois      8%         N/A       26%         3
 Blade Hands              Tmut           4%         N/A       94%         5


Dungeon Overview and Level Annotations

Branches:
Dungeon (5/15)
 Temple: D:4-7

Altars:
Cheibriados
Sif Muna

Shops:
D:2 [(!*


Innate Abilities, Weirdness & Mutations

You have very sharp teeth.
Your uncanny sense of smell can sniff out nearby items.
Your experience applies equally to all skills.


Message History

The black bear rages.
You shoot a sling bullet.
The sling bullet closely misses the black bear.
The sling bullet hits the iguana but does no damage.
The iguana is moderately wounded.
The black bear bites you.
The black bear claws you but does no damage.
The black bear claws you.
The black bear attacks as you move away!
The black bear bites you but does no damage.
The black bear barely misses you. The black bear closely misses you.
The black bear bites you! The black bear misses you.
The black bear barely misses you. The black bear barely misses you. x3
The black bear attacks as you move away!
The black bear bites you. The black bear claws you.
The black bear barely misses you.
The black bear attacks as you move away!
The black bear closely misses you. The black bear claws you.
The black bear barely misses you. The black bear bites you!
The black bear completely misses you. x2
Casting: Slow (safe; 1% risk of failure)
Confirm with . or Enter, or press ? or * to list all spells.
Aiming: Slow (safe; 1% risk of failure)
Press: ? - help, Shift-Dir - straight line, f/p - black bear
Aim: a black bear (severely wounded, berserk, chance to affect: 59%)
The black bear seems to slow down.
The black bear bites you!
* * * LOW HITPOINT WARNING * * *
The black bear claws you.
* * * LOW HITPOINT WARNING * * *
The black bear barely misses you.
Casting: Slow (safe; 1% risk of failure)
Confirm with . or Enter, or press ? or * to list all spells.
Aiming: Slow (safe; 1% risk of failure)
Press: ? - help, Shift-Dir - straight line, f/p - black bear
Aim: a black bear (severely wounded, berserk, slow, chance to affect: 59%)
Okay, then.
The black bear attacks as you move away!
The black bear bites you!
You die...

### ### #####.# #.##
###.####....##
##.####..........##
##................##
#............####..##
## #....#......##
##..# ..#
##>.#####..l##
##..###...# #..##
###h######..........
## #)##
#@................
.#####.#
#..........####..#
.......# #..#####...#
. #......# #..# #..##
##.....# #..# ##..#
##....# ##..# #..## .
##....# #...####..#
.. ##.....##
#....##..## #.
#.......# ###.<....#
#)


You could see a black bear (berserk, slow) and an iguana.

Vanquished Creatures
  Sigmund (D:2)
  An ogre (D:4)
  A jelly (D:4)
  An iguana (D:5)
  2 orc wizards (D:4)
  4 adders
  2 ufetubi
  3 worms
  3 dart slugs
  14 orcs
  10 endoplasms
  4 giant cockroaches
  11 goblins
  8 hobgoblins
  4 jackals (D:1)
  5 quokkas
  5 ball pythons
  8 bats
  2 frilled lizards (D:1)
  8 kobolds
  5 rats
102 creatures vanquished.

Notes
Turn   | Place    | Note
-------+----------+-------------------------------------------
     0 | D:1      | ImASeal the Gnoll Arcane Marksman began the quest for the
                  | Orb.
     0 | D:1      | Reached XP level 1. HP: 17/17 MP: 4/4
   232 | D:1      | Reached XP level 2. HP: 23/23 MP: 2/5
   693 | D:1      | Reached XP level 3. HP: 28/28 MP: 7/7
   891 | D:1      | Found a faded altar of an unknown god.
   891 | D:1      | Noticed a sixfirhy
   934 | D:2      | Reached skill level 1 in Invocations
   961 | D:2      | Reached skill level 1 in Short Blades
   961 | D:2      | Reached skill level 1 in Long Blades
   961 | D:2      | Reached skill level 1 in Axes
   961 | D:2      | Reached skill level 1 in Maces & Flails
   961 | D:2      | Reached skill level 1 in Polearms
   961 | D:2      | Reached skill level 1 in Staves
   961 | D:2      | Reached skill level 1 in Throwing
   961 | D:2      | Reached skill level 1 in Armour
   961 | D:2      | Reached skill level 1 in Stealth
   961 | D:2      | Reached skill level 1 in Shields
   961 | D:2      | Reached skill level 1 in Unarmed Combat
   961 | D:2      | Reached skill level 1 in Evocations
   962 | D:2      | Noticed Sigmund
   977 | D:2      | Found Kimear's Assorted Antiques.
   986 | D:2      | Found Koreypam's Distillery.
  1022 | D:2      | Found Vuikut's Weapon Boutique.
  1059 | D:2      | Reached XP level 4. HP: 34/34 MP: 8/8
  1060 | D:2      | Found Nuataqifu's Antique Armour Shoppe.
  1103 | D:2      | Found Ysuos's General Store.
  1374 | D:2      | Killed Sigmund
  1375 | D:2      | Reached skill level 1 in Conjurations
  1375 | D:2      | Reached skill level 1 in Summonings
  1375 | D:2      | Reached skill level 1 in Necromancy
  1375 | D:2      | Reached skill level 1 in Translocations
  1375 | D:2      | Reached skill level 1 in Transmutations
  1375 | D:2      | Reached skill level 1 in Fire Magic
  1375 | D:2      | Reached skill level 1 in Ice Magic
  1375 | D:2      | Reached skill level 1 in Air Magic
  1375 | D:2      | Reached skill level 1 in Earth Magic
  1375 | D:2      | Reached skill level 1 in Poison Magic
  1375 | D:2      | Reached XP level 5. HP: 30/41 MP: 8/10
  1462 | D:3      | Reached XP level 6. HP: 47/47 MP: 11/11
  1706 | D:3      | Reached skill level 5 in Ranged Weapons
  1706 | D:3      | Reached skill level 5 in Dodging
  1793 | D:3      | Found a shimmering blue altar of Sif Muna.
  1875 | D:3      | Found a snail-covered altar of Cheibriados.
  2442 | D:4      | Identified the amulet "Gastros" {Reflect MP+9 SH+5}
  3163 | D:4      | Reached XP level 7. HP: 52/52 MP: 12/12
  3363 | D:5      | Entered Level 5 of the Dungeon
  3976 | D:5      | Slain by a black bear

Illustrated notes

Levels and vault maps discovered:
D:1:      roderic_octagonal_star, layout_loops_ring,
          dreamdust_ecumenical_altar_sealed_demon
D:2:      layout_rooms, serial_shops,
          nicolae_shop_temple_entry_statues_fountains, shop, shop_fountains,
          nicolae_shop_advertising_works [nicolae_subvault_shop_adworks],
          nicolae_shop_bloodbath_and_beyond, uniq_sigmund
D:3:      layout_basic, nicolae_sif_muna_condensation, cheibrodos_worm_habitat,
          minivault_23, nicolae_elevator_lobby_asterisk
D:4:      layout_basic
D:5:      layout_layer_cave, lemuel_doored_altar, uniq_eustachio

Skill      XL: |  1  2  3  4  5  6  7 |
---------------+----------------------+-----
Invocations    | 1 2 |  2.7
Short Blades   | 1 2 |  2.4
Long Blades    | 1 2 |  2.4
Axes           | 1 2 |  2.4
Maces & Flails | 1 2 |  2.4
Polearms       | 1 2 |  2.4
Staves         | 1 2 |  2.4
Throwing       | 1 2 |  2.4
Armour         | 1 2 |  2.4
Stealth        | 1 2 |  2.4
Shields        | 1 2 |  2.4
Unarmed Combat | 1 2 |  2.4
Evocations     | 1 2 |  2.4
Spellcasting   | 3 |  3.7
Fighting       | 3 |  3.6
Conjurations   | 1 2 |  2.0
Summonings     | 1 2 |  2.0
Necromancy     | 1 2 |  2.0
Translocations | 1 2 |  2.0
Transmutations | 1 2 |  2.0
Fire Magic     | 1 2 |  2.0
Ice Magic      | 1 2 |  2.0
Air Magic      | 1 2 |  2.0
Earth Magic    | 1 2 |  2.0
Poison Magic   | 1 2 |  2.0
Ranged Weapons | 5 |  5.2
Dodging        | 5 |  5.2
Hexes          | |  5.8

Action                   |  1- 3 |  4- 6 |  7- 9 || total
-------------------------+-------+-------+-------++-------
Melee: Short sword       |       |    11 |       ||    11
       Sling             |       |     9 |     1 ||    10
 Fire: Sling             |   102 |   247 |   105 ||   454
 Cast: Slow              |     6 |    12 |    22 ||    40
  Use: Scroll            |       |     1 |       ||     1
Armor: Robe              |     6 |    21 |    18 ||    45
Dodge: Dodged            |    26 |   107 |    95 ||   228
